 Dungeon Crawl Stone Soup version 0.30-b1-2-g02819fbbbe (webtiles) character file.

Game seed: 16424429141460131840

17658 Borgoz the Grappler (level 12, -4/108 HPs)
             Began as a Ghoul Monk on June 18, 2023.
             Was a High Priest of Okawaru.
             Killed from afar by Azrael (28 damage)
             ... with damnation
             ... on level 12 of the Dungeon.
             The game lasted 00:27:52 (9794 turns).

Borgoz the Grappler (Ghoul Monk)                    Turns: 9794, Time: 00:27:53

Health: -4/108     AC: 12    Str: 22    XL:     12   Next: 50%
Magic:  18/18      EV: 16    Int:  5    God:    Okawaru [*****.]
Gold:   823        SH:  0    Dex: 15    Spells: 19/21 levels left

rFire   + +          .
                       - Unarmed
rCold   + + .        c - orb {light}
rNeg    + + +        g - +2 acid dragon scales
rPois   ∞            (no helmet)
rElec   +            (no cloak)
rCorr   +            (no gloves)
SInv    .            j - +1 pair of boots
Will    .....        e - amulet of regeneration
Stlth   +            b - ring of protection from fire
HPRegen 0.00/turn    H - +6 ring of strength
MPRegen 0.16/turn

%: no passive effects
@: mighty, resistant, inhibited regen, glowing, studying Unarmed Combat
A: claws 1, cold resistance 1, negative energy resistance 3, inhibited
regeneration, torment resistance 2, devour on kill
a: Renounce Religion, Heroism, Finesse, Duel


You were on level 12 of the Dungeon.
You worshipped Okawaru.
Okawaru was extremely pleased with you.
You visited 2 branches of the dungeon, and saw 13 of its levels.
You also visited: Sewer and Ossuary.

You collected 1255 gold pieces.
You spent 432 gold pieces at shops.

Inventory:

Missiles
 v - 6 javelins
 w - 26 poisoned darts (quivered)
 x - 2 curare-tipped darts
 z - 2 boomerangs
Armour
 c - an orb of light (worn)
 g - +2 acid dragon scales (worn)
 j - a +1 pair of boots (worn)
 G - +0 steam dragon scales
 I - the +2 robe of Xuj Kevu {Will+}
   (You found it on level 9 of the Dungeon)

   Will:      It increases your willpower.
Jewellery
 b - a ring of protection from fire (left claw)
 e - an amulet of regeneration (around neck)
 H - a +6 ring of strength (right claw)
Wands
 a - a wand of flame (65)
 i - a wand of acid (6)
 m - a wand of charming (12)
 t - a wand of roots (31)
 C - a wand of polymorph (6)
Scrolls
 o - 2 scrolls of amnesia
 p - 6 scrolls of teleportation
 q - 4 scrolls of fog
 r - 3 scrolls of blinking
 s - a scroll of brand weapon
 y - 2 scrolls of identify
 A - a scroll of fear
 E - a scroll of enchant armour
Potions
 d - a potion of heal wounds
 f - 4 potions of attraction
 h - 4 potions of curing
 k - 3 potions of magic
 l - 9 potions of brilliance
 n - a potion of cancellation
 D - 2 potions of invisibility


   Skills:
 * Level 10.6 Fighting
 + Level 3.7 Throwing
 * Level 8.8 Armour
 * Level 8.8 Dodging
 - Level 5.0 Stealth
 + Level 12.5 Unarmed Combat
 - Level 5.0 Spellcasting
 - Level 5.0 Hexes
 - Level 2.0 Ice Magic
 + Level 2.9 Invocations
 - Level 2.4 Evocations


You had 19 spell levels left.
You knew the following spells:

 Your Spells              Type           Power      Damage    Failure   Level
a - Ensorcelled Hibernat  Hex/Ice        8%         N/A       14%         2

Your spell library contained the following spells:

 Spells                   Type           Power      Damage    Failure   Level
 Apportation              Tloc           2%         N/A       36%         1
 Dazzling Flash           Conj/Hex       6%         N/A       38%         3
 Frozen Ramparts          Ice            6%         1d1       45%         3
 Passwall                 Tmut/Erth      0%         N/A       52%         2
 Scorch                   Fire           2%         2d5       52%         2
 Gell's Gravitas          Tloc           1%         N/A       75%         3
 Swiftness                Air            1%         N/A       75%         3
 Teleport Other           Tloc           1%         N/A       75%         3
 Flame Wave               Conj/Fire      1%         2d4       98%         4
 Silence                  Hex/Air        1%         N/A       98%         5
 Agony                    Necr           1%         N/A       100%        5
 Alistair's Intoxication  Tmut/Pois      0%         N/A       100%        5
 Dispersal                Tloc           0%         N/A       100%        6
 Orb of Destruction       Conj           0%         9d5       100%        7
 Summon Guardian Golem    Hex/Summ       Unusable   N/A       N/A         3
 Sublimation of Blood     Necr           Unusable   N/A       N/A         2
 Wereblood                Tmut           Unusable   N/A       N/A         2
 Ice Form                 Ice/Tmut       Unusable   N/A       N/A         4
 Summon Ice Beast         Ice/Summ       Unusable   N/A       N/A         4
 Summon Cactus Giant      Summ           Unusable   N/A       N/A         6
 Spellforged Servitor     Conj/Summ      Unusable   N/A       N/A         7
 Summon Hydra             Summ           Unusable   N/A       N/A         7

Dungeon Overview and Level Annotations

Branches:
Dungeon (12/15)            Temple (1/1) D:7            Lair (0/5) D:11
  Sewer (visited)         Ossuary (visited)
    Orc: D:9-12

Altars:
Ashenzari
Cheibriados
Dithmenos
Fedhas
Gozag
Hepliaklqana
Kikubaaqudgha
Makhleb
Nemelex Xobeh
Okawaru
Qazlal
Ru
Sif Muna
Trog
Uskayaw
Vehumet
Wu Jian
Xom
Yredelemnul

Shops:
D:9 =

Annotations:
D:12 Azrael, Sonja


Innate Abilities, Weirdness & Mutations

You are immune to poison.
You have sharp fingernails.
Your flesh is cold resistant. (rC+)
You are immune to negative energy. (rN+++)
You do not regenerate when monsters are visible.
You are immune to unholy pain and torment.
You thrive by killing the living.


Message History

You feel much better.
Azrael hits you with a +4 scimitar of flaming!!
Azrael burns you.
You claw Azrael!
Azrael is heavily wounded.
The hell hound breathes flames at you.
The blast of flame hits the fire elemental.
The fire elemental completely resists.
The blast of flame hits Azrael.
Azrael completely resists.
The blast of flame hits you. You resist. Azrael hits you but does no damage.
You scratch Azrael.
Azrael is heavily wounded.
Sonja gestures wildly while chanting.
Sonja blinks!
Azrael screams, "Burn!
Burn!
All of it must BURN!"
Azrael hits you but does no damage.
You scratch Azrael.
Azrael is heavily wounded.
You feel much better.
Azrael hits you with a +4 scimitar of flaming!
Azrael burns you.
You claw Azrael!
Azrael is severely wounded.
Azrael gestures at you. The sticky flame hits you. You resist.
You are covered in liquid flames!
You mangle Azrael!!
Azrael is almost dead.
You are covered in liquid flames!
Azrael gestures at you.
The sphere of damnation explodes!
The damnation engulfs you!!
* * * LOW HITPOINT WARNING * * *
The damnation engulfs Azrael.
Azrael completely resists.
You fail to use your ability.
You are covered in liquid flames!
* * * LOW HITPOINT WARNING * * *
You are no longer on fire.
Azrael gestures at you.
The sphere of damnation explodes!
The damnation engulfs you!!
You die...

. .## ### ... ... #.# #.#
#.# #.# #.# #.# #.# #.#
#######<######.#########.#
....}...........@RO.K.....
####.#####.#######E#######
# #.# #○# #.# #h# #.# #†#
#.# #.# #.#######.#######
.......○.........
#......°...######


You could see Azrael, a two-headed ogre, a fire elemental and Sonja.

Vanquished Creatures
  2 boulder beetles (D:11)
  Amaemon (D:8)
  Lodul (D:11)
  An ugly thing (D:12)
  A cyclops (D:10)
  An orange demon (D:8)
  Maggie (D:6)
  2 unseen horrors
  3 kobold demonologists
  A troll (D:6)
  A hornet (D:10)
  Grinder (D:5)
  Sigmund (D:2)
  A shadow (D:11)
  2 wraiths
  Eustachio (D:6)
  2 vampires
  2 fire elementals (D:12)
  2 wyverns (D:9)
  5 yaks (D:9)
  3 steam dragons
  2 vampire mosquitoes (D:11)
  2 acid dragons
  4 hell hounds (D:12)
  A water moccasin (D:7)
  3 orc warriors
  A sky beast (D:7)
  2 ice beasts
  3 black bears (D:5)
  8 ogres
  2 centaurs
  A phantom (D:6)
  3 kobold brigands (Sewer)
  A bullfrog (D:8)
  2 gnoll sergeants
  A scorpion (D:7)
  3 wights (D:7)
  9 killer bees
  2 howler monkeys
  2 hounds
  A jelly (D:6)
  7 orc priests
  2 gnoll boudas
  3 iguanas
  A sleepcap (D:5)
  Ijyb (D:5)
  11 orc wizards
  3 mummies (Ossuary)
  19 gnolls
  4 adders
  3 river rats (D:5)
  7 shadow imps
  2 white imps
  3 ufetubi
  2 worms (D:5)
  3 dart slugs
  31 orcs
  3 bats
  5 endoplasms
  4 giant cockroaches
  4 goblins
  3 hobgoblins
  3 jackals (D:3)
  18 kobolds
  3 quokkas
  12 ball pythons
  4 frilled lizards
  4 goblin zombies (Ossuary)
  6 hobgoblin zombies
  2 kobold zombies (Ossuary)
  14 rats
  A rat zombie (D:4)
276 creatures vanquished.

Vanquished Creatures (others)
  A water moccasin (D:9)
  A fungus (Sewer)
  A plant (Sewer)
3 creatures vanquished.

Grand Total: 279 creatures vanquished

Notes
Turn   | Place    | Note
-------+----------+-------------------------------------------
     0 | D:1      | Borgoz the Ghoul Monk began the quest for the Orb.
     0 | D:1      | Reached XP level 1. HP: 19/19 MP: 0/0
    81 | D:1      | Reached XP level 2. HP: 26/26 MP: 1/1
   167 | D:1      | Reached skill level 1 in Armour
   354 | D:1      | Reached XP level 3. HP: 30/31 MP: 2/2
   764 | D:2      | Found a faded altar of an unknown god.
   773 | D:2      | Reached skill level 1 in Stealth
   893 | D:2      | Noticed Sigmund
   914 | D:2      | Killed Sigmund
   915 | D:2      | Reached skill level 4 in Unarmed Combat
   915 | D:2      | Reached XP level 4. HP: 32/40 MP: 3/3
   915 | D:2      | Reached XP level 5. HP: 37/46 MP: 4/4
  1385 | D:3      | Learned a level 2 spell: Ensorcelled Hibernation
  1503 | D:3      | Reached XP level 6. HP: 49/52 MP: 5/5
  1860 | D:3      | Found a broken altar of Ashenzari.
  2085 | D:4      | Identified a scroll of acquirement
  2085 | D:4      | Acquired a manual of Unarmed Combat
  2218 | D:4      | Reached skill level 5 in Unarmed Combat
  2263 | D:4      | Found a sand-covered staircase.
  2286 | Ossuary  | Entered an ossuary
  2286 | Ossuary  | Noticed a wraith
  2286 | Ossuary  | Noticed a wraith
  2286 | Ossuary  | Noticed a wraith
  2430 | Ossuary  | Noticed a wraith
  2440 | Ossuary  | Killed a wraith
  2441 | Ossuary  | Reached skill level 1 in Ice Magic
  2441 | Ossuary  | Reached XP level 7. HP: 14/60 MP: 6/6
  2779 | D:4      | Reached skill level 1 in Spellcasting
  2824 | D:4      | Reached skill level 1 in Hexes
  2977 | D:4      | Found a sacrificial altar of Ru.
  3088 | D:5      | Entered Level 5 of the Dungeon
  3111 | D:5      | Reached skill level 5 in Fighting
  3270 | D:5      | Reached XP level 8. HP: 64/68 MP: 8/8
  3412 | D:5      | Noticed Grinder
  3417 | D:5      | Paralysed by Grinder for 2 turns
  3424 | D:5      | Killed Grinder
  3425 | D:5      | Reached skill level 6 in Unarmed Combat
  3462 | D:5      | Noticed Ijyb
  3470 | D:5      | Killed Ijyb
  3517 | D:5      | Found a glowing drain.
  3529 | Sewer    | Entered a sewer
  4001 | D:5      | Reached skill level 9 in Unarmed Combat
  4001 | D:5      | Reached XP level 9. HP: 81/81 MP: 10/12
  4002 | D:5      | Reached skill level 11 in Unarmed Combat
  4002 | D:5      | Reached XP level 10. HP: 91/91 MP: 10/15
  4820 | D:6      | Noticed an unseen horror
  4827 | D:6      | Killed an unseen horror
  4828 | D:6      | Reached XP level 11. HP: 85/97 MP: 16/16
  5021 | D:6      | Noticed Maggie
  5034 | D:6      | Killed Maggie
  5237 | D:6      | Noticed Eustachio
  5250 | D:6      | Killed Eustachio
  5264 | D:6      | Found a shadowy altar of Dithmenos.
  5524 | D:7      | Found a staircase to the Ecumenical Temple.
  5597 | D:7      | Found an ornate altar of the Wu Jian Council.
  5616 | Temple   | Entered the Ecumenical Temple
  5785 | Temple   | Became a worshipper of Warmaster Okawaru
  5785 | Temple   | Reached * piety under Okawaru
  5785 | Temple   | Reached ** piety under Okawaru
  5944 | D:7      | Found a transporter.
  5962 | D:7      | Found a transporter.
  6224 | D:7      | Found a hide-covered altar of Uskayaw.
  6901 | D:8      | Noticed Amaemon
  6978 | D:8      | Killed Amaemon
  6979 | D:8      | Reached skill level 1 in Invocations
  6982 | D:8      | Reached *** piety under Okawaru
  7620 | D:9      | Identified the +2 robe of Xuj Kevu {Will+}
  7713 | D:9      | Noticed a sixfirhy
  7909 | D:9      | Found a radiant altar of Vehumet.
  7968 | D:9      | Found Wyluass's Jewellery Shoppe.
  7976 | D:9      | Bought a +6 ring of strength for 432 gold pieces
  7996 | D:9      | Found a snail-covered altar of Cheibriados.
  8048 | D:9      | Reached **** piety under Okawaru
  8049 | D:9      | Reached skill level 12 in Unarmed Combat
  8201 | D:7      | Reached skill level 10 in Fighting
  8269 | D:10     | Entered Level 10 of the Dungeon
  8289 | D:10     | Found a shimmering altar of Xom.
  8404 | D:10     | Noticed a cyclops
  8414 | D:10     | Killed a cyclops
  8415 | D:10     | Reached skill level 5 in Stealth
  8415 | D:10     | Reached XP level 12. HP: 49/106 MP: 17/17
  9081 | D:11     | Noticed Lodul
  9088 | D:11     | Killed Lodul
  9088 | D:11     | Received a gift from Okawaru
  9094 | D:11     | Reached skill level 5 in Hexes
  9154 | D:11     | Found a staircase to the Lair.
  9452 | D:11     | Noticed a boulder beetle
  9452 | D:11     | Noticed a boulder beetle
  9468 | D:11     | Killed a boulder beetle
  9468 | D:11     | Reached ***** piety under Okawaru
  9489 | D:11     | Killed a boulder beetle
  9724 | D:12     | Reached skill level 5 in Spellcasting
  9748 | D:12     | Noticed Azrael
  9748 | D:12     | Noticed Sonja
  9782 | D:12     | Noticed a two-headed ogre
  9794 | D:12     | Killed from afar by Azrael

Illustrated notes

Levels and vault maps discovered:
D:1:      tarquinn_simple_flora_water_e, layout_basic, serial_aquarium,
          aquarium_bridge_island_small [aquarium_subvault_small_open,
          aquarium_subvault_bridge, aquarium_subvault_bridge,
          aquarium_subvault_bridge, aquarium_subvault_balcony],
          aquarium_window_fake, aquarium_window_2, aquarium_view_4,
          aquarium_pool_split, minmay_misc_feat_pillars
D:2:      layout_basic, nicolae_ecumenical_snake_handling, uniq_sigmund
D:3:      layout_basic, amcnicky_altar_gilded, minmay_between
D:4:      layout_basic, mainiacjoe_overflow_cross_hatched, enter_ossuary_3
D:5:      layout_layer_cave, mainiacjoe_overflow_concentric_impassable,
          nicolae_elyvilon_peaceful_grove, portal_sewer_entry_e,
          nicolae_nh_ransacked_shop, uniq_grinder, uniq_ijyb
D:6:      layout_loops_cross, nicolae_dithmenos_shadow_blocks,
          minmay_fountain_box, nrook_mini_vaults, skrybe_limestone_x,
          uniq_eustachio, uniq_maggie
D:7:      gammafunk_wand_slinger, layout_basic, nicolae_wu_jian_wuxing_cycle,
          mainiacjoe_overflow_alcove_4, minmay_temple_entry_glass,
          minmay_splitting_lines, minmay_fractal_squares_gapless_5
D:8:      layout_cave_pools, serial_column_ruins, column_ruins_corridor_corner,
          column_ruins_open_small, column_ruins_open_tiny_water,
          column_ruins_corridor_T, column_ruins_grid_1, uniq_amaemon
D:9:      layout_gridville, vehumet_crystals, mainiacjoe_overflow_swirl,
          serial_shops, shop, minmay_puff
D:10:     layout_basic, mainiacjoe_overflow_chevrons
D:11:     layout_roguey, lair_entry_dummy, uniq_lodul
D:12:     minmay_connected_triangles_in_corner, layout_small_grid,
          david_orc_1_choice, uniq_azrael, uniq_sonja
Temple:   chequers_temple_sunken

Skill      XL: |  1  2  3  4  5  6  7  8  9 10 11 12 |
---------------+-------------------------------------+-----
Armour         | 1 2 3 6 7 8 |  8.8
Stealth        | 2 4 5 |  5.0
Fighting       | 4 5 7 9 10 | 10.6
Dodging        | 3 4 6 7 8 |  8.8
Unarmed Combat | 4 5 9 11 12 | 12.5
Ice Magic      | 1 2 |  2.0
Spellcasting   | 1 3 4 5 |  5.0
Hexes          | 1 3 4 5 |  5.0
Throwing       | 2 3 |  3.7
Evocations     | 2 |  2.4
Invocations    | 1 2 |  2.9

Action                     |  1- 3 |  4- 6 |  7- 9 | 10-12 || total
---------------------------+-------+-------+-------+-------++-------
  Melee: Unarmed           |    80 |   114 |   197 |   474 ||   865
  Throw: Dart              |       |       |       |     2 ||     2
 Invoke: Heroism           |       |       |       |     5 ||     5
  Evoke: Wand              |       |       |       |    32 ||    32
    Use: Scroll            |     3 |    14 |     7 |     4 ||    28
         Potion            |     2 |     1 |     4 |    13 ||    20
 Armour: Robe              |    10 |       |       |       ||    10
         Ring mail         |     1 |    39 |    81 |    16 ||   137
         Acid dragon scale |       |       |       |   156 ||   156
  Dodge: Dodged            |    31 |    46 |   129 |   424 ||   630
